cohdb
Replays
Latest Replays
All Replays
Popular Replays
Top Player Replays
Match Explorer
How It Works
Community
CoH3 Stats
Reddit
Sign in to upload your games and track your stats! →
Sign in with Steam
Match 43924507
Unlisted
Match 43924507
Overview
Messages
Build Orders
End
Kradschützen Motorcycle Team
Selects Armored Support Battlegroup
Panzergrenadier Squad
Construct Light Support Kompanie
Assault Grenadier Squad
2.5-tonne Medical Truck
Selects Salvage Kits
Fire Support Elements
Panzerjäger Squad
Construct Panzerarmee Kommand
Pak 38 Mechanized Group
Walking Stuka Rocket Launcher
Selects Veteran Gunners
Walking Stuka Rocket Launcher
Selects Flammpanzer III Medium Tank
Kradschützen Motorcycle Team
MG34 Team
Advanced Optics
Flammpanzer III Medium Tank
Walking Stuka Rocket Launcher
Rapid Advance
Assault Grenadier Squad
Selects Command Panzer IV F Medium Tank
Command Panzer IV F Medium Tank
huNter
anioki
굴러다니는 돌
FlyingBUG
PopcornUggla
jcu
GSK7717
唱带吴彦祖
0
0
Comments
sign in to comment!
No comments posted yet!